 Dungeon Crawl Stone Soup version 0.23-a0-586-gacb4b3f4ce (webtiles) character file.

193 LLavrengius the Skirmisher (level 5, 0/72 HPs)
             Began as a Hill Orc Fighter on Dec 18, 2018.
             Succumbed to a killer bee's poison
             ... on level 3 of the Dungeon.
             The game lasted 00:05:29 (2002 turns).

LLavrengius the Skirmisher (Hill Orc Fighter)       Turns: 2002, Time: 00:05:29

Health: 0/72       AC: 22    Str: 17 (20) XL:     5   Next: 72%
Magic:  5/5        EV:  2    Int: 12 (13) God:
Gold:   104        SH:  9    Dex:  9 (10) Spells: 4/4 levels left

rFire    + . .     SeeInvis .   a - +0 war axe
rCold    + . .     Gourm    .   c - +0 shield
rNeg     + + +     Faith    .   (armour currently unavailable)
rPois    +         Spirit   .   (helmet currently unavailable)
rElec    +         Reflect  .   (cloak currently unavailable)
rCorr    +         Harm     .   (gloves currently unavailable)
MR       .....     NoTele   +   (boots currently unavailable)
Stlth    +.........             (no amulet)
HPRegen  0.22/turn              (no ring)
MPRegen  0.09/turn              (no ring)

@: brilliant, lethally poisoned (0 -> -5), tree-form, resistant
A: no striking features
a: no special abilities


You were on level 3 of the Dungeon.
You were not hungry.
You were a tree.
You visited 1 branch of the dungeon, and saw 3 of its levels.

You collected 104 gold pieces.

Inventory:

Hand Weapons
 a - a +0 war axe (weapon)
Armour
 b - a +0 scale mail (melded)
 c - a +0 shield (worn)
 m - a scarf of resistance (melded)
 q - a +1 pair of gloves (melded)
Jewellery
 o - an uncursed amulet of magic regeneration {unknown}
Scrolls
 g - a scroll of enchant weapon {unknown}
 h - a scroll of blinking {unknown}
 i - 4 scrolls of identify {unknown}
 k - 2 scrolls of enchant armour {unknown}
 p - a scroll of remove curse {unknown}
Potions
 d - a potion of might
Comestibles
 f - 4 rations
 n - 4 chunks of flesh


   Skills:
 + Level 5.0 Fighting
 - Level 3.0 Axes
 + Level 4.2 Armour
 + Level 0.9 Dodging
 + Level 4.9 Shields


You had 4 spell levels left.
You didn't know any spells.
Your spell library was empty.

Dungeon Overview and Level Annotations

Branches:
Dungeon (3/15)

Altars:
Wu Jian


Message History

You closely miss the killer bee.
The killer bee is lightly wounded.
* * * LOW HITPOINT WARNING * * *
You feel sick.
The killer bee stings you but does no damage. x2
The killer bee completely misses you.
You closely miss the killer bee.
The killer bee is lightly wounded.
* * * LOW HITPOINT WARNING * * *
You feel sick. The killer bee barely misses you.
You block the killer bee's attack.
The killer bee stings you but does no damage.
You miss the killer bee.
The killer bee is lightly wounded.
* * * LOW HITPOINT WARNING * * *
You feel sick. You block the killer bee's attack. The killer bee stings you.
* * * LOW HITPOINT WARNING * * *
You slash the killer bee!
The killer bee is severely wounded.
You die...

..##.###.## .#.## .#
####.#...# .... .###
#.#.#.# ..##... ##.
##...#.# #.#..##....
#...##.# #.#....<.y
###...##.######.S...##
#....###.##...†yyy...#
#.#.###.....####y###.....
....#.).##### #♣# #...
.#.#..#.# #..# #.
...#.#..# #.## .........#
#. ..##.....# ..
.###.....# ... ## #.....#
... # #.....# #### #
#.....#


You could see 4 killer bees and a ball python.

Vanquished Creatures
  A sky beast (D:3)
  3 adders
  An ooze (D:2)
  4 worms (D:2)
  A dart slug (D:1)
  A leopard gecko (D:2)
  3 ball pythons
  3 giant cockroaches (D:1)
  5 hobgoblins
  2 jackals (D:1)
  A quokka (D:2)
  7 bats
  A frilled lizard (D:1)
  10 goblins
  7 kobolds
  10 rats
60 creatures vanquished.

Notes
Turn   | Place    | Note
-------+----------+-------------------------------------------
     0 | D:1      | LLavrengius the Hill Orc Fighter began the quest for the
                  | Orb.
     0 | D:1      | Reached XP level 1. HP: 19/19 MP: 1/1
   166 | D:1      | Reached XP level 2. HP: 27/27 MP: 2/2
   309 | D:1      | Reached XP level 3. HP: 33/33 MP: 3/3
   319 | D:1      | Reached skill level 4 in Fighting
   343 | D:1      | Found an ornate altar of the Wu Jian Council.
   653 | D:2      | Reached XP level 4. HP: 20/41 MP: 4/4
  1893 | D:3      | Noticed a sky beast
  1899 | D:3      | Killed a sky beast
  1899 | D:3      | Reached skill level 5 in Fighting
  1899 | D:3      | Reached XP level 5. HP: 48/48 MP: 5/5
  2001 | D:3      | HP: 2/72 [killer bee (4)]
  2002 | D:3      | Succumbed to a killer bee's poison

Vault maps used:
D:1:      minmay_arrival_checkered_box, kennysheep_flooded_box,
          hangedman_abyss_or_decor_stabs
D:2:      grunt_ministairs_1, minmay_pentomino_w2
D:3:      marbit_many_paths, cheibrodos_sewer_entry_sluice, uniq_jessica

Skill      XL: |  1  2  3  4 |
---------------+-------------+-----
Axes           | 3 |  3.0
Fighting       | 4 5 |  5.0
Shields        | 4 |  4.9
Armour         | 4 |  4.2
Dodging        | |  0.9

Action                   |  1- 3 |  4- 6 || total
-------------------------+-------+-------++-------
Melee: War axe           |    81 |    95 ||   176
  Use: Potion            |       |     4 ||     4
  Eat: Chunk             |       |     4 ||     4
Armor: Scale mail        |    32 |    47 ||    79
       Skin              |       |     7 ||     7
Dodge: Dodged            |    23 |    46 ||    69
Block: Shield            |    53 |    65 ||   118

Table legend:
 A = Non-vault XP
 B = Vault XP
 C = Vault XP percentage of total XP
 D = Non-vault monster count
 E = Vault monster count
 F = Vault count percentage of total count
                 A         B        C        D         E       F
            +---------+---------+-------+---------+---------+-------
      Total |     260 |      16 |   5.8 |      57 |       3 |   5.0
            +---------+---------+-------+---------+---------+-------
        D:1 |      40 |       0 |   0.0 |      25 |       0 |   0.0
        D:2 |      71 |      16 |  18.4 |      26 |       3 |  10.3
        D:3 |     149 |       0 |   0.0 |       6 |       0 |   0.0
            +---------+---------+-------+---------+---------+-------
